 Dungeon Crawl Stone Soup version 0.29.1-15-g9cfb28693d (webtiles) character file.

Game seed: 13330792948785575050

21 Gabide the Digger (level 2, -2/15 HPs)
             Began as a Gargoyle Earth Elementalist on Feb 28, 2023.
             Slain by a phantom (5 damage)
             ... on level 3 of the Dungeon.
             The game lasted 00:02:54 (1566 turns).

Gabide the Digger (Gargoyle Earth Elementalist)     Turns: 1566, Time: 00:02:54

Health: -2/15      AC:  4    Str: 11    XL:     2   Next: 87%
Magic:  3/6        EV: 11    Int: 15    God:
Gold:   33         SH:  0    Dex: 10    Spells: 6/7 levels left

rFire   . . .      SeeInvis .   a - +2 spear (flame)
rCold   . . .      Faith    .   (no shield)
rNeg    + . .      Spirit   .   c - +0 robe
rPois   ∞          Reflect  .   (no helmet)
rElec   +          Harm     .   (no cloak)
rCorr   .          Rampage  .   (no gloves)
Will    .....                   (no boots)
Stlth   ++........              (no amulet)
HPRegen 0.05/turn               (no ring)
MPRegen 0.10/turn               (no ring)

@: no status effects
A: sickness immunity, AC +2, negative energy resistance 1, electricity
resistance, torment resistance 1, petrification resistance
a: no special abilities


You were on level 3 of the Dungeon.
You visited 1 branch of the dungeon, and saw 3 of its levels.

You collected 33 gold pieces.

Inventory:

Hand Weapons
 a - a +2 spear of flaming (weapon)
Armour
 c - a +0 robe (worn)
 f - a scarf of harm
Magical Staves
 e - a staff of conjuration
Scrolls
 n - a scroll of poison
Potions
 b - a potion of magic
 g - a potion of curing
 l - a potion of cancellation {unknown}
 p - 2 potions of haste {unknown}


   Skills:
 - Level 1.5 Dodging
 - Level 2.1 Stealth
 + Level 3.1 Spellcasting
 - Level 0.7 Transmutations
 - Level 3.6 Earth Magic


You had 6 spell levels left.
You knew the following spells:

 Your Spells              Type           Power      Damage    Failure   Level
a - Sandblast             Erth           26%        2d8       4%          1

Your spell library contained the following spells:

 Spells                   Type           Power      Damage    Failure   Level
 Passwall                 Tmut/Erth      6%         N/A       12%         2
 Stone Arrow              Conj/Erth      14%        3d7       28%         3
 Petrify                  Tmut/Erth      8%         N/A       63%         4


Dungeon Overview and Level Annotations

Branches:
Dungeon (3/15)

Altars:


Innate Abilities, Weirdness & Mutations

You are immune to sickness and miasma.
Your stone body is resilient. (AC +2)
You are immune to poison.
You resist negative energy. (rN+)
You are resistant to electric shocks. (rElec)
You are resistant to unholy torment.
You are immune to petrification.


Message History

You reach to attack!
You hit the endoplasm. You burn the endoplasm.
You kill the endoplasm!
No target in view!
Magic restored.
HP restored.
Found an escape hatch in the floor.
A goblin comes into view. It is wielding a +0 dagger.
Found a stone staircase leading down.
You can't see any susceptible monsters within range! (Use Z to cast anyway.)
You can't see any susceptible monsters within range! (Use Z to cast anyway.)
The goblin shouts!
You hear a shout!
The blast of sand hits the goblin!
You kill the goblin!
A hobgoblin comes into view.
The blast of sand hits the hobgoblin.
You kill the hobgoblin!
You can't see any susceptible monsters within range! (Use Z to cast anyway.)
You can't see any susceptible monsters within range! (Use Z to cast anyway.)
You can't see any susceptible monsters within range! (Use Z to cast anyway.)
A frilled lizard comes into view.
A frilled lizard is nearby!
A phantom comes into view.
The blast of sand misses the phantom.
The phantom closely misses you.
The blast of sand hits the phantom but does no damage.
A giant cockroach comes into view.
The phantom closely misses you.
The blast of sand misses the phantom.
The phantom barely misses you. The phantom closely misses you.
The frilled lizard barely misses you. The phantom attacks as you move away!
The phantom barely misses you.
The giant cockroach waves its antennae.
The frilled lizard attacks as you move away!
The frilled lizard bites you but does no damage.
The phantom attacks as you move away! The phantom hits you.
The phantom attacks as you move away! The phantom hits you.
You feel better. The phantom hits you!
* * * LOW HITPOINT WARNING * * *
Okay, then.
As you read the scroll of butterflies, it crumbles to dust.
You hear the tinkle of a tiny bell.
The phantom hits you.
You die...

# #.8.#)# .# #.##.##.# #
#...#..## ..#.
#.#...#########.###......
#........................
#########..####>..#....#
##..# #.#....# #
##b#####.#....#.#
#bb@WlB........#
#######........#
#.............#
#......#B......
#..............
#...>.)##...... #......#
...... #......# ......
#......# ...#.


You could see a phantom (ally target), a giant cockroach and a frilled lizard.

Vanquished Creatures
  2 dart slugs (D:1)
  2 ball pythons
  3 endoplasms
  A hobgoblin (D:3)
  A bat (D:1)
  A frilled lizard (D:2)
  2 goblins
  3 kobolds
  2 rats
17 creatures vanquished.

Notes
Turn   | Place    | Note
-------+----------+-------------------------------------------
     0 | D:1      | Gabide the Gargoyle Earth Elementalist began the quest for
                  | the Orb.
     0 | D:1      | Reached XP level 1. HP: 10/10 MP: 3/3
   489 | D:1      | Found a faded altar of an unknown god.
   735 | D:1      | Reached XP level 2. HP: 15/15 MP: 2/5
  1556 | D:3      | Noticed a phantom
  1566 | D:3      | Slain by a phantom

Illustrated notes

Levels and vault maps discovered:
D:1:      dpeg_arrival_pits, layout_basic,
          chequers_ecumenical_altar_simple_redux
D:2:      layout_rooms
D:3:      layout_rooms, grunt_decor_one_mirror

Skill      XL: |  1  2 |
---------------+-------+-----
Spellcasting   | 3 |  3.1
Dodging        | |  1.5
Stealth        | |  2.1
Transmutations | |  0.7
Earth Magic    | |  3.6

Action                   || total
-------------------------++-------
Melee: Spear             ||     1
 Cast: Sandblast         ||    25
  Use: Scroll            ||    10
       Potion            ||     1
Armor: Robe              ||     1
Dodge: Dodged            ||     7
